 Dungeon Crawl Stone Soup version 0.29.1-15-g9cfb28693d (webtiles) character file.

Game seed: 195564370898777088

553 Descartes the Shield-Bearer (level 7, -13/56 HPs)
             Began as a Formicid Fighter on Feb 21, 2023.
             Mangled by Edmund
             ... wielding a +1 flail of protection
              (14 damage)
             ... on level 4 of the Dungeon.
             The game lasted 00:06:05 (4234 turns).

Descartes the Shield-Bearer (Formicid Fighter)      Turns: 4234, Time: 00:06:05

Health: -13/56     AC:  7    Str: 20    XL:     7   Next: 55%
Magic:  7/7        EV:  9    Int: 10    God:
Gold:   221        SH:  6    Dex: 19    Spells: 6/6 levels left

rFire   . . .      SeeInvis +   a - +0 war axe
rCold   . . .      Faith    .   c - +0 buckler
rNeg    . . .      Spirit   .   b - +0 scale mail
rPois   .          Reflect  .   (helmet unavailable)
rElec   .          Harm     .   (no cloak)
rCorr   .          Rampage  .   (no gloves)
Will    .....                   (no boots)
Stlth   ..........              (no amulet)
HPRegen 0.18/turn               m - +6 ring of dexterity
MPRegen 0.10/turn               (no ring)

@: brilliant, flying
A: permanent stasis, dig shafts and tunnels, antennae 3, four strong arms
a: Dig, Shaft Self


You were on level 4 of the Dungeon.
You visited 1 branch of the dungeon, and saw 4 of its levels.

You collected 221 gold pieces.

Inventory:

Hand Weapons
 a - a +0 war axe (weapon)
Missiles
 t - 3 poisoned darts
Armour
 b - a +0 scale mail (worn)
 c - a +0 buckler (worn)
Jewellery
 m - a +6 ring of dexterity (left hand)
 s - a +4 ring of evasion
Wands
 v - a wand of roots (7)
Scrolls
 d - a scroll of noise {unknown}
 e - 2 scrolls of poison {unknown}
 g - 2 scrolls of immolation {unknown}
 h - a scroll of enchant armour {unknown}
 k - a scroll of brand weapon {unknown}
 n - 3 scrolls of identify {unknown}
 o - a scroll of summoning {unknown}
 q - 2 scrolls of butterflies {unknown}
 r - a scroll of teleportation {unknown}
 u - a scroll of torment {unknown}
Potions
 f - 2 potions of berserk rage
 i - a potion of curing {unknown}
 j - a potion of brilliance
 l - a potion of flight
 w - a potion of degeneration {unknown}


   Skills:
 + Level 5.2 Fighting
 + Level 4.1 Axes
 + Level 5.3 Armour
 + Level 6.4 Shields


You had 6 spell levels left.
You didn't know any spells.
Your spell library was empty.

Dungeon Overview and Level Annotations

Branches:
Dungeon (4/15)
 Temple: D:4-7

Altars:

Shops:
D:3 *

Annotations:
D:4 Edmund


Innate Abilities, Weirdness & Mutations

You cannot be hasted, slowed, berserked, paralysed or teleported.
You can dig through walls and to a lower floor.
You have a pair of large antennae on your head. (SInv)
Your four strong arms can wield two-handed weapons with a shield.


Message History

Unknown command.
You closely miss Edmund.
Edmund hits you with a +1 flail of protection.
You hit Edmund but do no damage.
Edmund drinks a potion.
Edmund goes berserk!
Edmund closely misses you.
You hit Edmund.
Edmund is lightly wounded.
You block Edmund's attack.
Edmund hits you with a +1 flail of protection!
You hit Edmund but do no damage.
Edmund is lightly wounded.
You block Edmund's attack.
Edmund hits you with a +1 flail of protection!
You slash Edmund!
Edmund is lightly wounded.
You block Edmund's attack.
Edmund hits you with a +1 flail of protection!!
* * * LOW HITPOINT WARNING * * *
Edmund hits you with a +1 flail of protection.
* * * LOW HITPOINT WARNING * * *
Edmund attacks as you move away!
Edmund hits you with a +1 flail of protection.
* * * LOW HITPOINT WARNING * * *
You block Edmund's attack.
It was a potion of flight.
You feel very buoyant.
You fly up into the air.
Edmund hits you with a +1 flail of protection.
* * * LOW HITPOINT WARNING * * *
It was a potion of brilliance.
You feel clever all of a sudden. Edmund completely misses you.
You block Edmund's attack.
It was a potion of haste.
Your stasis prevents you from being hasted.
You block Edmund's attack.
Edmund hits you with a +1 flail of protection.
* * * LOW HITPOINT WARNING * * *
Edmund attacks as you move away!
Edmund hits you with a +1 flail of protection!
You die...

...### #.# ##.# #....# #.##
#.# #.##.###..########
#.### #.##.[###........#
#)..####
.<###..###.......####.....#
.......................<#.#
.#############...########.#
.# #...# #.# ## #..@# #.# #
#..@########.# #
#...#........# #
#...########## # #...# #
#...# # #...# . #...# ##
#...#


You could see Edmund (berserk).

Vanquished Creatures
  Grinder (D:4)
  2 scorpions
  A hound (D:4)
  2 orc priests (D:4)
  7 gnolls
  3 worms
  2 dart slugs (D:2)
  2 orcs (D:4)
  7 ball pythons
  5 endoplasms
  6 giant cockroaches
  5 goblins
  6 hobgoblins
  6 jackals
  3 quokkas
  7 bats
  5 frilled lizards
  8 kobolds
  5 rats
83 creatures vanquished.

Vanquished Creatures (others)
  6 demonic plants (D:3)
  6 fungi (D:3)
  6 plants (D:3)
  4 withered plants (D:3)
22 creatures vanquished.

Grand Total: 105 creatures vanquished

Notes
Turn   | Place    | Note
-------+----------+-------------------------------------------
     0 | D:1      | Descartes the Formicid Fighter began the quest for the Orb.
     0 | D:1      | Reached XP level 1. HP: 18/18 MP: 1/1
   140 | D:1      | Reached XP level 2. HP: 15/24 MP: 2/2
   705 | D:1      | Reached XP level 3. HP: 29/29 MP: 3/3
  1540 | D:2      | Reached XP level 4. HP: 31/37 MP: 4/4
  2010 | D:3      | Reached skill level 5 in Shields
  2010 | D:3      | Reached XP level 5. HP: 37/42 MP: 5/5
  2015 | D:3      | HP: 2/42 [gnoll/+0 spear (3)]
  2512 | D:3      | Reached XP level 6. HP: 49/49 MP: 6/6
  2616 | D:3      | Found Otemotos's Assorted Antiques.
  2700 | D:3      | Found a faded altar of an unknown god.
  3285 | D:4      | Noticed Grinder
  3304 | D:4      | Killed Grinder
  3305 | D:4      | Reached skill level 5 in Fighting
  3305 | D:4      | Reached skill level 5 in Armour
  3305 | D:4      | Reached skill level 6 in Shields
  3305 | D:4      | Reached XP level 7. HP: 27/56 MP: 7/7
  4217 | D:4      | Noticed Edmund
  4233 | D:4      | HP: 1/56 [Edmund/+1 flail of protection (5)]
  4234 | D:4      | Mangled by Edmund

Illustrated notes

Levels and vault maps discovered:
D:1:      saegor_arrival_miasma, layout_basic, hex_large
D:2:      layout_rooms
D:3:      minmay_angry_zag, layout_loops_ring, serial_shops,
          nicolae_lakefront_shop, shapermc_ecumenical_altar_gd
D:4:      layout_rooms, serial_co_window_serial, co_window_of_opportunity_a,
          co_window_paths_a, co_window_paths_a, co_window_paths_a,
          co_window_of_opportunity_a, co_window_broadway_c,
          co_window_unsneaky_path_b, co_window_corner_ca,
          co_window_of_opportunity_b, co_window_broadway_a, co_window_2corner,
          co_window_sun, co_window_paths_e, minmay_misc_feat_four_crosses,
          uniq_edmund, uniq_grinder

Skill      XL: |  1  2  3  4  5  6  7 |
---------------+----------------------+-----
Armour         | 4 5 |  5.3
Fighting       | 4 5 |  5.2
Shields        | 5 6 |  6.4
Axes           | 3 4 |  4.1

Action                   |  1- 3 |  4- 6 |  7- 9 || total
-------------------------+-------+-------+-------++-------
Melee: War axe           |   116 |   119 |    51 ||   286
  Use: Potion            |       |     3 |     4 ||     7
Armor: Scale mail        |    52 |    45 |    11 ||   108
Dodge: Dodged            |    66 |    57 |    15 ||   138
Block: Buckler           |    30 |    34 |    19 ||    83
